 Dungeon Crawl Stone Soup version 0.22.0-75-g3901e79 (webtiles) character file.

61 sbiou the Slasher (level 3, -1/27 HPs)
             Began as a Demonspawn Gladiator on Sept 13, 2018.
             Killed from afar by an air elemental (5 damage)
             ... with a tornado
             ... created by the adversity of Qazlal
             ... on level 2 of the Dungeon.
             The game lasted 00:03:05 (1146 turns).

sbiou the Slasher (Demonspawn Gladiator)            Turns: 1146, Time: 00:03:07

Health: -1/27      AC:  4    Str: 15    XL:     3   Next: 83%
Magic:  3/3        EV:  8    Int:  9    God:
Gold:   40         SH:  0    Dex: 14    Spells: 2/2 levels left

rFire    . . .     SeeInvis .   a - +0 long sword
rCold    . . .     Gourm    .   (no shield)
rNeg     . . .     Faith    .   b - +0 leather armour
rPois    .         Spirit   .   c - +0 helmet
rElec    .         Reflect  .   (no cloak)
rCorr    .         Harm     .   (no gloves)
MR       .....                  (no boots)
Stlth    +.........             (no amulet)
HPRegen  0.09/turn              (no ring)
MPRegen  0.08/turn              (no ring)

@: petrifying (expiring), flying (expiring), very slightly contaminated, hasted,
invisible, quick
A: hooves 1, repulsion field 1
a: no special abilities


You were on level 2 of the Dungeon.
You were hungry.

You visited 1 branch of the dungeon, and saw 2 of its levels.

You collected 40 gold pieces.

Inventory:

Hand Weapons
 a - a +0 long sword (weapon)
Missiles
 e - 55 stones
 n - 2 throwing nets (quivered)
Armour
 b - a +0 leather armour (worn)
 c - a +0 helmet (worn)
Scrolls
 g - a scroll of blinking {unknown}
 i - a scroll of magic mapping {unknown}
 j - a scroll of amnesia {unknown}
 k - a scroll of remove curse {unknown}
 l - a scroll of enchant armour {unknown}
Potions
 h - a potion of lignification {unknown}
Comestibles
 f - 3 rations


   Skills:
 + Level 2.1 Fighting
 + Level 3.6 Long Blades
 + Level 1.9 Throwing
 + Level 0.2 Armour
 + Level 3.4 Dodging
 + Level 0.1 Stealth


You had 2 spell levels left.
You didn't know any spells.
Your spell library was empty.

Dungeon Overview and Level Annotations

Branches:
Dungeon (2/15)

Altars:
Qazlal


Innate Abilities, Weirdness & Mutations

You have large cloven feet.
You are surrounded by a mild repulsion field. (EV +2)


Message History

You are slowing down.
It was a potion of invisibility.
You fade into invisibility!
The jackal barks!
The vortex of raging winds lifts you up.
You fly up into the air.
The air elemental hits you! x2
* * * LOW HITPOINT WARNING * * *
The air elemental barely misses you.
You riposte.
You barely miss the air elemental.
The basilisk hisses angrily.
Your kick misses the air elemental.
The air elemental hits you but does no damage.
A jackal comes into view.
The jackal barks!
You are very lightly contaminated with residual magic.
Your limbs are stiffening.
You're standing in a cloud of raging winds!
It was a potion of haste.
You feel yourself speed up.
* * * LOW HITPOINT WARNING * * *
You die...

#....# ##..######
###
#....####..######
...
#...............<.
#..
#.........########
#.. #.....###.....
##. #.....# #######
# #.
###.....###§§§..#..
#.
#......§§#§§§§.....
...
#......§§§E@§§.....
#..
#......§§§§§§§.....
...
#......§§§§§§l.....
##.
#......§§§§§§§....<
#.
#..................
#.
#.......#..........
.
#.......##.....h...
#......####...h....
#....... ####h..h.


You could see a basilisk (wandering), an air elemental and 2 jackals.

Vanquished Creatures
  An adder (D:2)
  An ooze (D:2)
  A worm (D:2)
  A leopard gecko (D:1)
  7 bats
  5 goblins
  3 hobgoblins (D:1)
  9 jackals
  2 kobolds (D:1)
  A ball python (D:2)
  5 frilled lizards
  7 rats
43 creatures vanquished.

Notes
Turn   | Place    | Note
-------+----------+-------------------------------------------
     0 | D:1      | sbiou the Demonspawn Gladiator began the quest for the Orb.
     0 | D:1      | Reached XP level 1. HP: 16/16 MP: 1/1
   126 | D:1      | Gained mutation: You are surrounded by a mild repulsion
                  | field. (EV +2) [demonic ancestry]
   126 | D:1      | Reached XP level 2. HP: 6/22 MP: 2/2
   616 | D:1      | Gained mutation: You have large cloven feet. [demonic
                  | ancestry]
   616 | D:1      | Reached XP level 3. HP: 27/27 MP: 3/3
   999 | D:2      | Found a stormy altar of Qazlal.
  1012 | D:2      | Became a worshipper of Qazlal Stormbringer
  1017 | D:2      | Fell from the grace of Qazlal
  1143 | D:2      | Noticed a basilisk
  1143 | D:2      | Noticed an air elemental
  1146 | D:2      | Killed from afar by an air elemental

Skill      XL: |  1  2 |
---------------+-------+-----
Dodging        | 3 |  3.4
Long Blades    | 3 |  3.6
Fighting       | |  2.1
Throwing       | |  1.9
Armour         | |  0.2
Stealth        | |  0.1

Action                   || total
-------------------------++-------
Melee: Long sword        ||   103
       Kick              ||    15
Throw: Stone             ||     9
       Throwing net      ||     3
Invok: Renounce Religion ||     1
  Use: Potion            ||     4
Armor: Leather armour    ||    38
Dodge: Dodged            ||   110
       Rpst.: Long sword ||    35
